 Dungeon Crawl Stone Soup version 0.25-a0-322-g3677130cb1 (webtiles) character file.

Game seed: 9138503242593874620, levelgen mode: deterministic

1346 night the Grappler (level 8, 0/71 (73) HPs)
             Began as a Ghoul Monk on Dec 27, 2019.
             Was an Elder of Wu Jian.
             Slain by a wraith (5 damage)
             ... on level 6 of the Dungeon.
             The game lasted 00:17:32 (5163 turns).

night the Grappler (Ghoul Monk)                     Turns: 5163, Time: 00:17:33

HP:   0/71 (73)     AC:  9    Str: 18    XL:     8   Next: 62%
MP:   7/7           EV: 10    Int:  7    God:    Wu Jian [****..]
Gold: 309           SH:  0    Dex: 11    Spells: 7/7 levels left

rFire    . . .     SeeInvis .     - Unarmed
rCold    + . .     Gourm    .   (no shield)
rNeg     + + +     Faith    +   v - +0 scale mail
rPois    ∞         Spirit   .   j - +0 helmet
rElec    .         Reflect  .   x - +0 cloak
rCorr    .         Harm     .   (no gloves)
MR       .....                  k - +0 pair of boots
Stlth    ..........             a - amulet of faith
HPRegen  0.00/turn              h - +3 ring of strength
MPRegen  0.10/turn              (no ring)

@: very slightly contaminated, rotting, slowed, very slow
A: rotting body, claws 1, carnivore, cold resistance 1, negative energy
resistance 3, inhibited regeneration, torment resistance, unbreathing
a: Wall Jump, Serpent's Lash, Renounce Religion


You were on level 6 of the Dungeon.
You worshipped Wu Jian.
Wu Jian was greatly pleased with you.
You were not hungry.

You visited 1 branch of the dungeon, and saw 6 of its levels.
You also visited: Ossuary.

You collected 309 gold pieces.

Inventory:

Missiles
 g - 4 atropa-tipped darts
 l - 38 arrows
 q - 4 boomerangs (quivered)
 t - 12 poisoned darts
Armour
 j - a +0 helmet (worn)
 k - a +0 pair of boots (worn)
 v - a +0 scale mail (worn)
 x - a +0 cloak (worn)
Jewellery
 a - an amulet of faith (around neck)
 h - a +3 ring of strength (left claw)
 n - a cursed ring of teleportation {unknown}
Wands
 c - a wand of random effects (21)
Scrolls
 d - 3 scrolls of remove curse
 m - a scroll of enchant weapon
 o - 2 scrolls of fear
 w - a scroll of fog {unknown}
 y - 2 scrolls of silence {unknown}
 A - a scroll of identify
Potions
 e - 6 potions of heal wounds {unknown}
 f - 3 potions of lignification
 i - 2 potions of curing {unknown}
 p - a potion of flight {unknown}
 s - 3 potions of might {unknown}
 u - a potion of invisibility {unknown}
 z - 2 potions of degeneration {unknown}
Comestibles
 b - 8 rations


   Skills:
 + Level 7.2 Fighting
 - Level 2.6 Dodging
 - Level 2.1 Stealth
 * Level 9.8 Unarmed Combat


You had 7 spell levels left.
You didn't know any spells.
Your spell library was empty.

Dungeon Overview and Level Annotations

Branches:
Dungeon (6/15)            Ossuary (visited)
 Temple: D:4-7

Altars:
Dithmenos
Okawaru
Ru
Trog
Wu Jian
The Shining One


Innate Abilities, Weirdness & Mutations

Your body is rotting away.
You thrive on raw meat.
You are immune to poison.
You have sharp fingernails.
You are carnivorous and can eat meat at any time.
Your flesh is cold resistant. (rC+)
You are immune to negative energy. (rN+++)
You do not regenerate when monsters are visible.
You are immune to unholy pain and torment.
You can survive without breathing.


Message History

The orc priest hits you with a +0 flail.
* * * LOW HITPOINT WARNING * * *
The shadow imp hits you.
* * * LOW HITPOINT WARNING * * *
You spin and attack the shadow imp.
You scratch the shadow imp.
The shadow imp is heavily wounded.
The orc wizard completely misses you.
The shadow imp hits you but does no damage.
The wraith closely misses you.
The orc wizard hits you but does no damage.
Things that are here:
a +0 dagger; a +0 robe; an orc corpse Blink to where?
Press: ? - help, Dir - move target cursor You are very lightly contaminated with residual magic.
As you read the scroll of blinking, it crumbles to dust.
The orc priest miscasts a cantrip.
The orc wizard hits you but does no damage.
The wraith hits you.
You die...

....# #.......
............##......
............#.....
##................ .....#
......# #.......##.........
##.....###.......#......##..
#.................##....#...
#............@o...........#
#..<..........W..........#
###.....^#........o........#
#.......###?......5).......#
##...........[.....).......##
#................#..##.....#
##...##...#.##...##..##...##
....##....#......#..## ...#
..#..........##..#..# ......


You could see a wraith, an orc priest, an orc wizard and a shadow imp.

Vanquished Creatures
  A sky beast (D:3)
  A necrophage (D:5)
  An ogre (D:4)
  An elf zombie (Ossuary)
  A scorpion (D:4)
  A water moccasin skeleton (D:3)
  3 crimson imps (D:5)
  A centaur zombie (Ossuary)
  6 orc wizards
  3 orc priests (D:3)
  Ijyb (D:5)
  A human zombie (Ossuary)
  3 worker ants
  A big kobold zombie (Ossuary)
  2 mummies (Ossuary)
  Robin (D:2)
  3 gnolls (D:3)
  13 adders
  A shadow imp (D:5)
  An ooze (D:3)
  3 dart slugs
  8 worms
  4 leopard geckos
  21 orcs
  3 giant cockroaches
  16 goblins
  20 hobgoblins
  11 kobolds
  A quokka (D:3)
  6 bats
  4 frilled lizards
  10 hobgoblin zombies (Ossuary)
  3 jackal zombies (Ossuary)
  8 kobold zombies (Ossuary)
  10 orc zombies (Ossuary)
  7 rats
  2 rat zombies (Ossuary)
183 creatures vanquished.

Notes
Turn   | Place    | Note
-------+----------+-------------------------------------------
     0 | D:1      | night the Ghoul Monk began the quest for the Orb.
     0 | D:1      | Reached XP level 1. HP: 19/19 MP: 0/0
   175 | D:1      | Reached XP level 2. HP: 26/26 MP: 1/1
   318 | D:1      | Reached skill level 4 in Unarmed Combat
   379 | D:1      | Reached XP level 3. HP: 33/33 MP: 2/2
  1429 | D:2      | Reached XP level 4. HP: 32/40 MP: 3/3
  1616 | D:2      | Reached skill level 5 in Unarmed Combat
  1863 | D:2      | Noticed Robin
  1890 | D:2      | Killed Robin
  1890 | D:2      | Reached XP level 5. HP: 31/47 MP: 4/4
  2117 | D:2      | Noticed a moth of wrath
  2120 | D:2      | Found a bloodstained altar of Trog.
  2628 | D:3      | Reached skill level 6 in Unarmed Combat
  2637 | D:3      | Reached XP level 6. HP: 33/52 MP: 5/5
  2649 | D:3      | Reached skill level 5 in Fighting
  2738 | D:3      | Noticed a sky beast
  2757 | D:3      | Killed a sky beast
  2761 | D:3      | Reached skill level 7 in Unarmed Combat
  3014 | D:3      | Found an iron altar of Okawaru.
  3019 | D:3      | Reached XP level 7. HP: 57/61 MP: 6/6
  3581 | D:3      | Found an ornate altar of the Wu Jian Council.
  3597 | D:3      | Became a worshipper of the Wu Jian Council
  3597 | D:3      | Reached * piety under Wu Jian
  3597 | D:3      | Reached ** piety under Wu Jian
  3881 | D:4      | Reached skill level 8 in Unarmed Combat
  3906 | D:4      | Found a sacrificial altar of Ru.
  4171 | D:4      | Found a shadowy altar of Dithmenos.
  4221 | D:4      | Found a glowing golden altar of the Shining One.
  4252 | D:5      | Entered Level 5 of the Dungeon
  4254 | D:5      | Noticed Ijyb
  4304 | D:5      | Killed Ijyb
  4304 | D:5      | Reached XP level 8. HP: 65/70 MP: 7/7
  4489 | D:5      | Reached skill level 9 in Unarmed Combat
  4669 | D:5      | Found a sand-covered staircase.
  4674 | Ossuary  | Entered an ossuary
  4731 | Ossuary  | Reached *** piety under Wu Jian
  4911 | Ossuary  | Reached **** piety under Wu Jian
  5149 | D:6      | Noticed a wraith
  5163 | D:6      | Slain by a wraith

Levels and vault maps discovered:
D:1:      giann_horns, layout_loops_ring
D:2:      layout_basic, tgw_trog, uniq_robin
D:3:      cheibrodos_greedy_goblins, layout_rooms,
          lemuel_coloured_pillars_altar, kennysheep_okawaru_gauntlet
D:4:      layout_cave_pools, kennysheep_mini, lemuel_doored_altar,
          tso_oasis_becter, kennysheep_nub
D:5:      layout_rooms, nicolae_ossuary_entry_plus, first_ration,
          minmay_misc_feat_alley, small_statue_intersection, grunt_ministairs_2,
          uniq_ijyb
D:6:      layout_cave_pools, elyvilon_altar_5, minmay_temple_entry_fiery

Skill      XL: |  1  2  3  4  5  6  7  8 |
---------------+-------------------------+-----
Unarmed Combat | 4 5 6 7 8 9 |  9.8
Fighting       | 4 5 6 7 |  7.2
Dodging        | |  2.6
Stealth        | |  2.1

Action                   |  1- 3 |  4- 6 |  7- 9 || total
-------------------------+-------+-------+-------++-------
Melee: Unarmed           |    95 |   171 |   308 ||   574
       Punch             |     3 |     6 |    11 ||    20
Throw: Boomerang         |       |     5 |       ||     5
Invok: Whirlwind         |       |       |    58 ||    58
       Lunge             |       |       |    18 ||    18
  Use: Scroll            |       |       |    10 ||    10
 Stab: Sleeping          |     4 |       |       ||     4
  Eat: Chunk             |     3 |     9 |     8 ||    20
Armor: Robe              |     8 |    23 |       ||    31
       Ring mail         |       |    16 |    15 ||    31
       Scale mail        |       |       |    80 ||    80
Dodge: Dodged            |    50 |    82 |    89 ||   221

Table legend:
 A = Non-vault XP
 B = Vault XP
 C = Vault XP percentage of total XP
 D = Non-vault monster count
 E = Vault monster count
 F = Vault count percentage of total count
                 A         B        C        D         E       F
            +---------+---------+-------+---------+---------+-------
      Total |    1484 |     440 |  22.9 |     113 |      70 |  38.3
            +---------+---------+-------+---------+---------+-------
        D:1 |      46 |       0 |   0.0 |      23 |       0 |   0.0
        D:2 |      90 |      51 |  36.2 |      16 |      17 |  51.5
        D:3 |     525 |      22 |   4.0 |      45 |      12 |  21.1
        D:4 |     418 |       0 |   0.0 |      13 |       0 |   0.0
        D:5 |     359 |      88 |  19.7 |      13 |       2 |  13.3
        D:6 |      46 |       0 |   0.0 |       3 |       0 |   0.0
    Ossuary |       0 |     279 | 100.0 |       0 |      39 | 100.0
            +---------+---------+-------+---------+---------+-------
